Cogmind - Beta 13 @@@ ROGUE MODE // 2024.07.07 @ 19:37:01 Player: ThatBishHoly Result: Destroyed by B-36 Bruiser with Hammer Performance ------------- Evolutions (1) 500 Regions Visited (4) 800 Robots Destroyed (12) 60 Value Destroyed (261) 261 Prototype IDs (1) 20 Alien Tech Used (0) 0 Bonus (0) 0 TOTAL SCORE: 1641 Bonus ------- None Cogmind --------- Core Integrity 0/400 Matter 108/400 Energy 56/100 System Corruption 2% Temperature Cool (0) Movement Core (200) Ox3 Location -9/Mines Parts ------- > --- POWER (1) -------- (None) > --- PROPULSION (4) --- (None) > --- UTILITY (2) ------ Medium Matter Pod Field Recycling Unit > --- WEAPON (2) ------- (None) > --- INVENTORY (5) ---- Mining Laser Heavy Explosive Trap Peak State ------------ > --- POWER ------------ Ion Engine > --- PROPULSION ------- Aerolev Unit Aerolev Unit Aerolev Unit > --- UTILITY ---------- Medium Matter Pod Field Recycling Unit > --- WEAPON ----------- Rocket Launcher Rocket Launcher > --- INVENTORY -------- Rocket Launcher Mining Laser Heavy Explosive Trap Heavy Explosive Trap Heavy Explosive Trap [Rating: 20] Favorites ----------- Power Ion Engine Engine Ion Engine Propulsion Light Treads Treads Light Treads Leg Aluminum Leg Wheel Armored Wheel Hover Unit Aerolev Unit Utility Medium Matter Pod Device Field Recycling Unit Storage Medium Matter Pod Weapon Rocket Launcher Energy Gun Medium Laser Launcher Rocket Launcher Build | -11 -10 -10 -9 -9 ------- Run | Yrd Mat Min Mat Min Slots Evolved 2 | . . . 2 . Power . | . . . . . Propulsion 2 | . . . 2 . Utility . | . . . . . Weapon . | . . . . . Parts Attached 16 | 5 . 2 7 2 Power 1 | 1 . . . . Engine 1 | 1 . . . . Core . | . . . . . Reactor . | . . . . . Propulsion 8 | 2 . . 4 2 Treads 2 | 2 . . . . Leg 1 | . . . 1 . Wheel 2 | . . . . 2 Hover 3 | . . . 3 . Flight . | . . . . . Utility 2 | . . 1 1 . Device 1 | . . . 1 . Storage 1 | . . 1 . . Processor . | . . . . . Hackware . | . . . . . Protection . | . . . . . Artifact . | . . . . . Weapon 5 | 2 . 1 2 . Energy Gun 2 | 2 . . . . Energy Cannon . | . . . . . Ballistic Gun . | . . . . . Ballistic Cannon . | . . . . . Launcher 3 | . . 1 2 . Special Weapon . | . . . . . Impact Weapon . | . . . . . Slashing Weapon . | . . . . . Piercing Weapon . | . . . . . Special Melee Weapon . | . . . . . Unidentified Prototypes 1 | . . . 1 . Parts Lost 11 | . 1 . 4 6 Power 1 | . . . 1 . Propulsion 6 | . . . 1 5 Utility . | . . . . . Weapon 4 | . 1 . 2 1 Highest Loss Streak 9 | . 1 . 3 9 To Critical Strikes . | . . . . . Average Slot Usage (%) 67 | . 68 67 72 44 Engine 11 | . 14 14 10 . Treads 21 | . 28 28 17 . Hover 3 | . . . 6 12 Device 3 | . . . 6 11 Storage 7 | . . 5 11 11 Energy Gun 8 | . 25 14 . . Launcher 11 | . . 5 20 4 Naked Turns . | . . . . . Heaviest Build 23 | 9 9 13 23 14 Greatest Support 40 | 40 40 40 40 22 Greatest Overweight (x) 3 | . . . 2 3 Average Overweight (x) . | . . . . . Largest Inventory Capacity 5 | 5 5 5 5 5 Average Capacity 5 | 5 5 5 5 5 Most Carried 5 | 3 2 5 5 4 Average Carried 3 | . . 2 4 2 Final Capacity 5 | 5 5 5 5 5 Final Carried 4 | . 2 4 4 2 Class Distribution -------------------- 100% | Mutant Dominant Class ---------------- Mutant | -10/Materials Mutant | -10/Mines Mutant | -9/Materials Mutant | -9/Mines Resources | -11 -10 -10 -9 -9 ----------- Run | Yrd Mat Min Mat Min Matter Collected 382 | 150 . 151 40 41 Remotely . | . . . . . Salvage Created 213 | . 44 . 169 . Parts 20 | . 1 . 19 . Haulers Intercepted . | . . . . . Recyclers Shooed . | . . . . . Parts Field Recycled 6 | . . . 6 . Retrieved Matter 22 | . . . 22 . Parts Self-Destructed . | . . . . . Prevented . | . . . . . Kills | -11 -10 -10 -9 -9 ------- Run | Yrd Mat Min Mat Min Combat Hostiles Destroyed 5 | . 1 . 4 . AOE 4 | . . . 4 . Classes Destroyed 5 | . 1 . 4 . Worker 2 | . . . 2 . Builder 3 | . . . 3 . Watcher 2 | . . . 2 . Grunt 3 | . 1 . 2 . Sentry 2 | . . . 2 . Best Kill Streak 5 | . 1 . 5 . Combat Bots Only 3 | . 1 . 3 . Max Kills in Single Turn 2 | . 1 . 2 . Gunslinging . | . . . . . Exploded 2 | . . . 2 . Melee . | . . . . . Uniques/NPCs Destroyed . | . . . . . Combat | -11 -10 -10 -9 -9 -------- Run | Yrd Mat Min Mat Min Hostile Shots Fired 194 | . 37 . 38 119 Missed 58 | . 11 . 12 35 Damage Taken 1458 | . 295 . 452 711 Core 454 | . 35 . 98 321 Absorbed by Shields . | . . . . . Core Remaining (%) 93 | 100 . 86 . . Volleys Fired 24 | . 6 . 18 . Largest 2 | . 2 . 2 . Hottest 90 | . 90 . 66 . Shots Fired 43 | . 12 . 31 . Gun 12 | . 12 . . . Cannon . | . . . . . Launcher 31 | . . . 31 . Special . | . . . . . Kinetic . | . . . . . Thermal 6 | . 6 . . . Explosive 31 | . . . 31 . Electromagnetic 6 | . 6 . . . Robot Hit Streak 14 | . 12 . 14 . Robot Miss Streak 2 | . . . 2 . Penetration Max . | . . . . . Secondary Targets . | . . . . . Shots Hit Robots 32 | . 12 . 20 . Core Hits 23 | . 1 1 20 1 Critical Kills . | . . . . . Critical Parts Destroyed . | . . . . . Critical Strikes . | . . . . . Melee Attacks . | . . . . . Impact . | . . . . . Slashing . | . . . . . Piercing . | . . . . . Sneak Attacks . | . . . . . Combat Hostiles . | . . . . . Follow-up Attacks . | . . . . . Damage Inflicted 1255 | . 152 4 1082 17 Guns 152 | . 152 . . . Cannons . | . . . . . Explosions 1082 | . . . 1082 . Melee . | . . . . . Ramming 21 | . . 4 . 17 Kinetic . | . . . . . Thermal 172 | . 73 . 99 . Explosive 983 | . . . 983 . Electromagnetic 79 | . 79 . . . Impact . | . . . . . Slashing . | . . . . . Piercing . | . . . . . Highest Corruption 2 | . . . . 2 Average Corruption 2 | . . . . 2 Corruption Purged . | . . . . . Corruption Blocked . | . . . . . Overload Shots . | . . . . . Overflow Damage 46 | . . . 46 . Projectiles . | . . . . . Explosions 46 | . . . 46 . Melee . | . . . . . Knockbacks . | . . . . . Impact . | . . . . . Kinetic . | . . . . . Secondary . | . . . . . Self-Inflicted Damage 63 | . . . 57 6 Shots 3 | . . . 3 . Rammed 18 | 1 . 3 . 14 Targets Rammed 18 | 1 . 3 . 14 Kicked . | . . . . . Crushed . | . . . . . Highest Temperature 234 | . 234 . 144 . Average Temperature 92 | . 121 . 65 . Received Heat Transfer 321 | . 156 . 135 30 Effects 1 | . 1 . . . Energy Bleed 1 | . 1 . . . Siege Activations . | . . . . . Robots Corrupted . | . . . . . Combat Hostiles . | . . . . . Parts Fried 1 | . 1 . . . Impact Corruptions . | . . . . . Robots Melted 1 | . 1 . . . Combat Hostiles 1 | . 1 . . . Parts Melted 2 | . 2 . . . Heat Transferred 322 | . 222 . 100 . Parts Sabotaged . | . . . . . Parts Stolen . | . . . . . Parts Stripped . | . . . . . Power Chain Reactions . | . . . . . Alert | -11 -10 -10 -9 -9 ------- Run | Yrd Mat Min Mat Min Peak Influence 352 | . 49 15 352 55 Initial 55 | . . 15 5 55 Average 80 | . 20 15 174 28 Maximum Alert Level 1 | . . . 1 . Low Security (%) 76 | 100 100 100 42 100 Level 1 23 | . . . 57 . Level 2 . | . . . . . Level 3 . | . . . . . Level 4 . | . . . . . Level 5 . | . . . . . High Security . | . . . . . Max Security . | . . . . . Squads Dispatched 4 | . 2 . 2 . Investigation 1 | . 1 . . . Extermination . | . . . . . Reinforcement 3 | . 1 . 2 . Assault . | . . . . . Garrison . | . . . . . Intercept . | . . . . . Searches Triggered . | . . . . . Construction Impeded 1 | . . . 1 . Haulers Reinforced . | . . . . . Active Scanning Responses . | . . . . . Cargo Convoy Interrupts . | . . . . . Stealth | -11 -10 -10 -9 -9 --------- Run | Yrd Mat Min Mat Min Distress Signals . | . . . . . Communications Jammed . | . . . . . Distress Signals . | . . . . . Times Spotted 17 | . 4 . 7 6 Peak Tracking Total 6 | . 4 . 3 6 Tactical Retreats 1 | . . . 1 . Traps | -11 -10 -10 -9 -9 ------- Run | Yrd Mat Min Mat Min Traps Triggered . | . . . . . Indirectly . | . . . . . Trap Hack Attempts . | . . . . . Triggered . | . . . . . Disarmed . | . . . . . Reprogrammed 1 | . 1 . . . Reused . | . . . . . Traps Extracted . | . . . . . Installed . | . . . . . Triggered . | . . . . . Most Traps Carried 3 | . . 3 3 3 Machines | -11 -10 -10 -9 -9 ---------- Run | Yrd Mat Min Mat Min Machines Disabled 2 | . . . 2 . Max in Single Turn 2 | . . . 2 . Machines Repaired . | . . . . . Machines Dismantled . | . . . . . Machines Sabotaged . | . . . . . Overloaded Fab Kills . | . . . . . Hacking | -11 -10 -10 -9 -9 --------- Run | Yrd Mat Min Mat Min Machines Accessed 5 | . 2 . 3 . Terminals 5 | . 2 . 3 . Fabricators . | . . . . . Repair Stations . | . . . . . Recycling Units . | . . . . . Scanalyzers . | . . . . . Garrison Access . | . . . . . Total Hacks 11 | . 6 . 5 . Successful 6 | . 2 . 4 . Failed 5 | . 4 . 1 . Catastrophic . | . . . . . Database Lockouts . | . . . . . Manual . | . . . . . Terminals 11 | . 6 . 5 . Fabricators . | . . . . . Repair Stations . | . . . . . Recycling Units . | . . . . . Scanalyzers . | . . . . . Garrison Access . | . . . . . Terminal Hacks 6 | . 2 . 4 . Emergency Access Points 1 | . . . 1 . Recycling Unit Index 1 | . . . 1 . Locate Traps 1 | . 1 . . . Reprogram Traps 1 | . 1 . . . Maintenance Status 1 | . . . 1 . Hauler Manifests 1 | . . . 1 . Fabricator Hacks . | . . . . . Repair Station Hacks . | . . . . . Recycling Unit Hacks . | . . . . . Scanalyzer . | . . . . . Garrison Access Hacks . | . . . . . Unauthorized Hacks . | . . . . . Terminals . | . . . . . Fabricators . | . . . . . Repair Stations . | . . . . . Recycling Units . | . . . . . Scanalyzers . | . . . . . Garrison Access . | . . . . . Data Cores Recovered . | . . . . . Used . | . . . . . Hacking Detections 2 | . 2 . . . Full Trace Events 2 | . 2 . . . Feedback Events . | . . . . . Feedback Blocked . | . . . . . Robot Schematics Acquired . | . . . . . Robots Built . | . . . . . Authchips . | . . . . . Time . | . . . . . Total Robot Build Rating . | . . . . . Part Schematics Acquired . | . . . . . Parts Built . | . . . . . Authchips . | . . . . . Time . | . . . . . Total Part Build Rating . | . . . . . Parts Repaired . | . . . . . Time . | . . . . . Parts Recycled . | . . . . . Recycled Matter . | . . . . . Retrieved Matter . | . . . . . Retrieved Components . | . . . . . Parts Scanalyzed . | . . . . . Part Schematics Acquired . | . . . . . Parts Damaged . | . . . . . Bothacking | -11 -10 -10 -9 -9 ------------ Run | Yrd Mat Min Mat Min Used RIF Installer . | . . . . . Robots Hacked . | . . . . . Non-combat . | . . . . . Combat . | . . . . . Robot Hacks Applied . | . . . . . Relay Couplers Released . | . . . . . Fabnet Peak Effective % . | . . . . . Robots Rewired . | . . . . . Allies Hacked . | . . . . . Hacks Repelled . | . . . . . Allies | -11 -10 -10 -9 -9 -------- Run | Yrd Mat Min Mat Min Total Allies . | . . . . . Largest Group . | . . . . . Highest-Rated Group . | . . . . . Highest-Rated Ally . | . . . . . Total Orders . | . . . . . Ally Attacks . | . . . . . Total Damage . | . . . . . Kills . | . . . . . Allies Corrupted . | . . . . . Allies Melted . | . . . . . Intel | -11 -10 -10 -9 -9 ------- Run | Yrd Mat Min Mat Min Robot Analysis Total . | . . . . . Derelict Logs Recovered 1 | . . 1 . . Drone Launches . | . . . . . Drone Recoveries . | . . . . . Exploration | -11 -10 -10 -9 -9 ------------- Run | Yrd Mat Min Mat Min Turns Passed 1042 | 61 110 364 419 88 Spaces Moved 632 | 38 57 222 251 64 Core 16 | 9 . . . 7 Treads 498 | 29 57 222 190 . Legs . | . . . . . Wheels 11 | . . . . 11 Hover 107 | . . . 61 46 Flight . | . . . . . Fastest Speed 46 | 50 160 160 46 46 Average Speed 143 | 133 160 160 140 93 Slowest Speed 200 | 160 160 160 170 200 Overloaded Moves . | . . . . . Propulsion Burnouts . | . . . . . Robots Hopped . | . . . . . Cave-ins Triggered . | . . . . . Exploration Rate (%) 22 | 4 12 55 23 18 Regions Visited 4 Branch Regions 2 Pre-discovered Areas . | . . . . . Known Exits Taken . | . . . . . Unknown Exits Taken 4 | 1 1 1 1 . Scrap Searched 4 | . . 2 . 2 Spaces Dug . | . . . . . Terrain Destroyed 191 | . . . 191 . Melee . | . . . . . Projectile . | . . . . . AOE 191 | . . . 191 . Terrain Rammed . | . . . . . Walls Destroyed . | . . . . . Machines Disabled . | . . . . . Actions | -11 -10 -10 -9 -9 --------- Run | Yrd Mat Min Mat Min Total 710 | 48 64 229 285 84 Wait 3 | . . . 3 . Move 628 | 37 56 221 250 64 Hop . | . . . . . Pick Up 14 | 5 2 3 2 2 Fast Attach 7 | . . 1 6 . Attach 9 | 5 . 1 1 2 Detach . | . . . . . Swap 1 | . . . 1 . Drop 6 | . . . 4 2 Fire 24 | . 6 . 18 . Melee . | . . . . . Ram 14 | . . . . 14 Kick . | . . . . . Crush 4 | 1 . 3 . . Escape Stasis . | . . . . . Rewire . | . . . . . Trap . | . . . . . Miscellaneous . | . . . . . Route ------- -11/Scrapyard -10/Materials -10/Mines -9/Materials -9/Mines History --------- Turn | Location | Event 7 | -11/Scrapyard | Discovered new exit (range 14) 62 | -11/Scrapyard | Entered Materials 132 | -10/Materials | Discovered new exit (range 7) 172 | -10/Materials | Entered Mines 310 | -10/Mines | Build established: Mutant 313 | -10/Mines | Assembled infested the area 366 | -10/Mines | Found a hidden stash of uninstalled traps 367 | -10/Mines | Received a Rocket Launcher from a helpful Derelict 420 | -10/Mines | Learned 2 Materials zone layouts 530 | -10/Mines | Discovered new exit (range 5) 536 | -10/Mines | Entered Materials 536 | -9/Materials | Evolved 2 slots: Propulsion x2 909 | -9/Materials | Discovered new exit (range 10) 955 | -9/Materials | Entered Mines 1007 | -9/Mines | Core integrity fell below 50% 1040 | -9/Mines | Core integrity fell below 20% 1043 | -9/Mines | Destroyed by B-36 Bruiser with Hammer Last Messages --------------- 00984_ Found 25 Matter. 00985_ Acquired 25 matter. 00986_ Acquired Wheel. 00989_ Acquired Arm. Wheel. 00991_ Rocket Launcher destroyed. 00995_ Aerolev Unit destroyed. 01002_ Faulty Aerolev Unit destroyed. 01004_ Slammed into S-10 Pest. 01010_ B-36 Bruiser: "SECOND INTRUDER APPROACHING. ELIMINATE." 01015_ Slammed into S-10 Pest. 01018_ Arm. Wheel broken. 01018_ Destabilizing: Short circuit. 01019_ Slammed into S-10 Pest. 01027_ Wheel destroyed. 01034_ Slammed into S-10 Pest. 01034_ Destabilizing: System corrupted (+2). 01036_ Slammed into S-10 Pest. 01040_ Broken Arm. Wheel destroyed. 01042_ Slammed into B-36 Bruiser. Map ----- +----------------------------------------------------+ | ?????????????????????????????????????????????????? | | ?????????????????????????????????????????????????? | | ?????????????????????????????????????????????????? | | ?????????????????????????????????????????????????? | | ?????????????????????????????????????????????????? | | ?????????????????????????????????????????????????? | | ?????????????????????????????????????????????????? | | ?????????????????????????????????????????????????? | | ?????????????????????????????????????##??????????? | | ????????????????????????????????????? ???????????? | | ??????????????????????????????????### ???????????? | | ??????????????????????????????????# ???????????? | | ??????????????????????????????????# ???????????? | | ??????????????????????????????????# #???????????? | | ??????????????????????????????????# #####???????? | | ??????????????????????????????????# ## ##??????? | | ??????????????????????????????????# # ##?????? | | ??????????????????????????????????# ###???? | | ???????????????????????????????#### ##??? | | ??????????????????##### ######## ## ! ##?? | | ???????????????# !! #### #?? | | ???????????????# ## ##??# ##? | | ???????????????????############ #### ##???# ## | | ?????????????????????????###### #??####????## # | | ?????????????????#########sg #???????????## | | ?????????????# b@ ### ##????????????# | | ?????????????????#########s#?# #?????????????## | | ???????????????????????## s### #??????????????## | | ??????????????????????## ## #???????????????# | | ??????????????????????# #??????????????# | | ?????????????????????# #####??????????????# | | ????????????????????# #??????????????????## | | ????????????????????# ##???????????????????## | | ????????????????????######??????????????????????## | | ?????????????????????????????????????????????????? | | ?????????????????????????????????????????????????? | | | | | | | | | | | | | | | | | | | | | | | | | | | | | +----------------------------------------------------+ Best States ------------- Heat Dissipation 28 Energy Generation 10 Energy Capacity 250 Matter Stores 348 Matter Capacity 400 Sight Range 16 Terrain Scan Density 10 Evasion (%) 55 Recoil Reduction 2 Item Schematics ----------------- None Robot Schematics ------------------ None Fabricated ------------ Nothing Alien Tech Used ----------------- None Achievements -------------- None Challenges ------------ None Game ------ Seed NetworkMagneticMatter Manual? 0 Play Time 00:12:13 Cumulative 25.7 hours Start 2024.07.07 @ 19:25:38 End 2024.07.07 @ 19:37:01 Sessions 1 Manual Loads 0 Difficulty Rogue Special Mode None Game No. 79 Rogue 79 Adventurer 0 Explorer 0 Win Type - Total 0 Types 0/0/0/0/0/0/0/0/0 Lore% 16 Gallery% 32 Achievement% 23 Wizard Run 0 Options --------- Layout 1 ASCII 0 Keyboard 0 Movement Arrows Keybinds 0 Fullscreen 1 Font 16/SmallcapsGlow Map View 50x40 Zoom Use 37% Tactical HUD 1 Map Filters NONE Filters NONE Steam SD RUN: 48d6794e-f74e-4939-a7f4-258d30e08656